 Dungeon Crawl Stone Soup version 0.20-a0-1122-gb7cbeb9 (webtiles) character file.

6121 louis the Blocker (level 10, 0/64 HPs)
             Began as a Gargoyle Monk on May 14, 2017.
             Was an Elder of Qazlal.
             Slain by Gorglomux's ghost (13 damage)
             ... on level 8 of the Dungeon.
             The game lasted 00:27:58 (10506 turns).

louis the Blocker (Gargoyle Monk)                  Turns: 10506, Time: 00:27:59

Health: 0/64       AC: 22    Str: 20    XL:     10   Next: 89%
Magic:  10/10      EV:  8    Int: 15    God:    Qazlal [****..]
Gold:   472        SH: 17    Dex: 13    Spells: 9/9 levels left

rFire    x . .     SeeInvis .   a - +1 mace
rCold    + . .     Gourm    .   f - +0 shield
rNeg     + . .     Faith    .   t - +0 chain mail
rPois    ∞         Spirit   .   j - +0 helmet
rElec    +         Reflect  .   (no cloak)
rCorr    .         Harm     .   (no gloves)
MR       .....                  u - +2 pair of boots
Stlth    ..........             (no amulet)
Regen    0.2/turn               e - +2 ring of strength
MPRegen  0.2/turn               y - ring of ice

@: brilliant, repel missiles
A: negative energy resistance 1, electricity resistance, unbreathing,
petrification resistance, rot immunity, AC +7
a: Upheaval, Elemental Force, Renounce Religion


You were on level 8 of the Dungeon.
You worshipped Qazlal.
Qazlal was greatly pleased with you.
You were not hungry.

You visited 2 branches of the dungeon, and saw 10 of its levels.

You collected 472 gold pieces.

Inventory:

Hand Weapons
 a - a +1 mace (weapon)
Armour
 f - a +0 shield (worn)
 j - a +0 helmet (worn)
 t - a +0 chain mail (worn)
 u - a +2 pair of boots (worn)
Jewellery
 e - a +2 ring of strength (left hand)
 y - a ring of ice (right hand)
 D - an uncursed ring of wizardry {unknown}
Wands
 q - a wand of paralysis (15/24)
 A - a wand of iceblast (3/15)
 E - a wand of confusion (26/48)
Scrolls
 g - 3 scrolls of fog
 p - a scroll of recharging {unknown}
 r - a scroll of enchant weapon
 s - 3 scrolls of magic mapping
 v - a scroll of teleportation
 w - a scroll of blinking
 x - a scroll of immolation {unknown}
 z - a scroll of remove curse
 B - a scroll of identify
Potions
 h - a potion of flight {unknown}
 i - a potion of curing
 l - 2 potions of lignification
 m - 2 potions of ambrosia {unknown}
 n - 2 potions of heal wounds {unknown}
 o - 2 potions of haste
 C - a potion of invisibility {unknown}
Comestibles
 b - 6 royal jellies
 c - 2 bread rations
 k - 6 meat rations


   Skills:
 * Level 8.0 Fighting
 + Level 9.0 Maces & Flails
 * Level 7.2 Armour
 - Level 2.6 Dodging
 - Level 2.1 Stealth
 * Level 10.6 Shields
 + Level 0.4 Invocations


You had 9 spell levels left.
You didn't know any spells.

Dungeon Overview and Level Annotations

Branches:
Dungeon (9/15)             Temple (1/1) D:4
   Lair: D:8-11         Orc: D:9-12

Altars:
Ashenzari
Cheibriados
Dithmenos
Elyvilon
Fedhas
Gozag
Kikubaaqudgha
Makhleb
Nemelex Xobeh
Okawaru
Qazlal
Ru
Trog
Uskayaw
Vehumet
Yredelemnul
Zin
The Shining One

Shops:
D:4 ::   D:7 (

Annotations:
D:7 Menkaure
D:8 Gorglomux's ghost, novice DrBe


Innate Abilities, Weirdness & Mutations

You are resistant to torment.
Your stone body is resilient. (AC +7)
You are immune to poison.
You resist negative energy. (rN+)
You are resistant to electric shocks. (rElec)
You can survive without breathing.
You are immune to petrification.
You are immune to rotting.


Message History

Gorglomux's ghost is moderately damaged.
Gorglomux's ghost hits you.
You hit Gorglomux's ghost.
Gorglomux's ghost is moderately damaged.
Gorglomux's ghost completely misses you.
You closely miss Gorglomux's ghost.
Gorglomux's ghost is moderately damaged.
You hear two shouts!
You block Gorglomux's ghost's attack.
You hit Gorglomux's ghost but do no damage.
Gorglomux's ghost is moderately damaged.
You block Gorglomux's ghost's attack.
You thump Gorglomux's ghost!
Gorglomux's ghost is heavily damaged.
Gorglomux's ghost hits you!
* * * LOW HITPOINT WARNING * * *
You hit Gorglomux's ghost but do no damage.
Gorglomux's ghost is heavily damaged.
Gorglomux's ghost hits you!
You die...

......###.# #.##
.......##.# #..#
.......##.# #..#
.......##.#
#####..##
........#.#
#.......#
#######.#.#
#.......## #.#.#
#........# #
#.#.#######§§#.###.#
#.#.....§W@........#
#.####.:.§##.#..###
#.# #....##..#.# #.#
########.#.#
#.###########...#
#......#....[...#
#...[......#####....
##....####.....#####
###..####.###.#.#


You could see Gorglomux's ghost.

Vanquished Creatures
  A two-headed ogre (D:9)
  Psyche (D:8)
  Grinder (D:6)
  A hornet (D:9)
  A hippogriff (D:9)
  Eustachio (D:6)
  A human (D:9)
  4 hogs (D:9)
  A water moccasin (D:8)
  4 orc warriors
  An ice beast (D:5)
  A black bear (D:6)
  2 sky beasts
  6 ogres
  3 centaurs
  A crocodile (D:7)
  5 bullfrogs
  4 crimson imps
  A quasit (D:5)
  A centaur zombie (D:8)
  4 jellies
  A bullfrog zombie (D:9)
  A gnoll shaman (D:6)
  2 centaur skeletons
  8 hounds
  7 orc priests
  14 orc wizards
  A bullfrog skeleton (D:5)
  3 iguanas
  6 worker ants
  5 gnolls
  14 adders
  2 adder skeletons
  A dart slug (D:3)
  2 leopard geckos
  51 orcs
  4 bats
  8 giant cockroaches
  10 goblins
  7 hobgoblins
  2 quokkas
  6 frilled lizards
  6 kobolds
  A leopard gecko skeleton (D:6)
  12 rats
219 creatures vanquished.

Notes
Turn   | Place    | Note
-------+----------+-------------------------------------------
     0 | D:1      | louis the Gargoyle Monk began the quest for the Orb.
     0 | D:1      | Reached XP level 1. HP: 14/14 MP: 1/1
   237 | D:1      | Reached XP level 2. HP: 19/19 MP: 2/2
   376 | D:1      | Reached XP level 3. HP: 22/24 MP: 3/3
   497 | D:1      | Found a sparkling altar of Nemelex Xobeh.
   916 | D:2      | Found a glowing silver altar of Zin.
   954 | D:2      | Reached skill level 1 in Shields
  1033 | D:2      | Reached XP level 4. HP: 29/29 MP: 4/4
  1759 | D:3      | Reached skill level 1 in Armour
  1965 | D:3      | Reached XP level 5. HP: 31/34 MP: 5/5
  1966 | D:3      | Found a basalt altar of Yredelemnul.
  1966 | D:3      | Found a hide-covered altar of Uskayaw.
  2280 | D:4      | Reached skill level 2 in Shields
  2592 | D:4      | Found Neushaz's Book Emporium.
  2676 | D:4      | Found Jaugam's Book Shoppe.
  2802 | D:4      | Found a staircase to the Ecumenical Temple.
  2858 | Temple   | Entered the Ecumenical Temple
  3092 | Temple   | Became a worshipper of Qazlal Stormbringer
  3092 | Temple   | Reached * piety under Qazlal
  3092 | Temple   | Reached ** piety under Qazlal
  3137 | D:4      | Reached skill level 3 in Shields
  3137 | D:4      | Reached XP level 6. HP: 37/39 MP: 1/6
  3556 | D:5      | Entered Level 5 of the Dungeon
  3874 | D:5      | Reached skill level 5 in Maces & Flails
  3874 | D:5      | Reached XP level 7. HP: 30/44 MP: 7/7
  4032 | D:5      | Reached skill level 5 in Fighting
  4707 | D:5      | Reached skill level 4 in Shields
  5271 | D:5      | Reached skill level 5 in Shields
  5310 | D:5      | Reached XP level 8. HP: 45/49 MP: 8/8
  5933 | D:6      | Reached skill level 6 in Shields
  6496 | D:6      | Noticed Eustachio
  6699 | D:6      | Reached skill level 7 in Shields
  6702 | D:6      | Reached *** piety under Qazlal
  6730 | D:6      | Noticed Grinder
  6730 | D:6      | Paralysed by Grinder for 2 turns
  6737 | D:6      | Paralysed by Grinder for 2 turns
  6762 | D:6      | Paralysed by Grinder for 2 turns
  6767 | D:6      | Paralysed by Grinder for 6 turns
  6777 | D:6      | Killed Grinder
  6777 | D:6      | Reached XP level 9. HP: 43/55 MP: 9/9
  6788 | D:6      | Killed Eustachio
  7358 | D:7      | Reached skill level 8 in Shields
  7484 | D:7      | Reached skill level 5 in Armour
  7506 | D:7      | Noticed Menkaure
  8217 | D:7      | Found Cozic's Weapon Shop.
  8354 | D:8      | Found a basalt altar of Yredelemnul.
  8423 | D:8      | Found a shattered altar of Ashenzari.
  8535 | D:8      | Noticed Psyche
  8541 | D:8      | Killed Psyche
  8541 | D:8      | Reached skill level 9 in Shields
  8569 | D:8      | Found a shadowy altar of Dithmenos.
  8606 | D:8      | Reached XP level 10. HP: 51/63 MP: 10/10
  8696 | D:8      | Noticed Gorglomux's ghost (novice DrBe)
  9199 | D:9      | Reached **** piety under Qazlal
  9350 | D:9      | Found a sacrificial altar of Ru.
  9708 | D:9      | Reached skill level 10 in Shields
  9933 | D:9      | Noticed a two-headed ogre
  9957 | D:9      | Killed a two-headed ogre
 10506 | D:8      | Slain by Gorglomux's ghost

Vault maps used:
D:1:      scummos_arrival_star, st_stairs_10, nemelex_diamond_rough_becter
D:2:      zin_statuary
D:3:      grunt_temple_overflow_open
D:4:      minmay_temple_entry_butterflies, serial_shops, nicolae_shop_stone,
          nicolae_shop_trees, amethyst_killhole, minivault_26,
          minmay_box_of_dots
D:5:      first_bread, eino_tiny_chamber
D:6:      serial_bayou_pond_e, uniq_grinder, uniq_eustachio
D:7:      serial_shops, nicolae_shop_trees, uniq_menkaure
D:8:      gammafunk_temple_overflow_statue, nicolae_overflow_crystal_walls,
          nicolae_ashenzari_panopticon, yredelemnul_altar_generic, uniq_psyche
D:9:      minmay_shrinking_squares, minitemple, lemuel_round_altar,
          grunt_livestock
Temple:   minmay_temple_curvy_loop

Skill      XL: |  1  2  3  4  5  6  7  8  9 10 |
---------------+-------------------------------+-----
Fighting       | 4 5 6 7 8 |  8.0
Shields        | 1 3 5 7 9 10 | 10.6
Armour         | 1 2 3 4 5 7 |  7.2
Maces & Flails | 4 5 7 8 9 |  9.0
Dodging        | |  2.6
Stealth        | |  2.1
Invocations    | |  0.4

Action                   |  1- 3 |  4- 6 |  7- 9 | 10-12 || total
-------------------------+-------+-------+-------+-------++-------
Melee: Mace              |   102 |   206 |   496 |   271 ||  1075
Invok: Upheaval          |       |     1 |       |     1 ||     2
  Use: Scroll            |     4 |     4 |     3 |     5 ||    16
       Potion            |       |       |     3 |     1 ||     4
 Stab: Sleeping          |     4 |       |       |       ||     4
       Invisible         |       |       |     1 |       ||     1
  Eat: Chunk             |     1 |     2 |     3 |     3 ||     9
       Royal jelly       |       |     1 |     1 |       ||     2
       Bread ration      |       |     1 |     1 |     1 ||     3
       Fruit             |       |       |     4 |       ||     4
       Meat ration       |       |       |     1 |       ||     1
Armor: Robe              |    25 |    44 |       |       ||    69
       Leather armour    |       |     7 |   154 |       ||   161
       Chain mail        |       |       |    58 |   140 ||   198
Dodge: Dodged            |    39 |    75 |   163 |    43 ||   320
Block: Shield            |    25 |   101 |   367 |   172 ||   665
